 Dungeon Crawl Stone Soup version 0.18.1-8-gdd0e5ea (webtiles) character file.

1137258 M4edhros the Evocator (level 27, -16/158 HPs)
             Began as an Octopode Artificer on June 8, 2016.
             Was the Champion of Fedhas.
             Demolished by an infernal chaos champion
             ... wielding a +0 lajatang
              (32 damage)
             ... in Pandemonium on June 11, 2016.
             The game lasted 07:50:50 (91910 turns).

M4edhros the Evocator (Octopode Artificer)         Turns: 91910, Time: 07:50:50

Health: -16/158    AC: 13    Str: 14      XL:     27
Magic:  34/55      EV: 42    Int: 28      God:    Fedhas [******]
Gold:   6807       SH: 17    Dex: 33 (34) Spells: 14 memorised, 3 levels left

rFire  + + .     SeeInvis .     m - +5 eveningstar (flame)
rCold  + + .     Gourm    .     e - +2 buckler of Failure {rF- rN+++ rCorr Slay+6}
rNeg   + + +     Faith    .     Z - +3 hat of Pondering {ponderous, MR+ MP+10 Int+5}
rPois  .         Spirit   .     A - +6 amulet of reflection
rElec  +         Dismiss  .     R - ring "Ycloataf" {rF+ rN+ Int+2 Dex+2}
rCorr  +         Reflect  +     I - ring "Cun Quet" {Fire Int+2 Dex+6} (curse)
SustAt .         Harm     .     B - ring "Vihakee" {rN+ Str+4 Dex+2}
MR     ++++.                    G - ring of Hard Scrabble {+Inv rElec rC+ Dex+2}
Stlth  ++++++++++               s - +4 ring of evasion
                                k - ring "Ickuve" {rElec rC+ AC+3 Int+5 Slay+2}
                                j - +4 ring of strength
                                W - ring "Gegal" {rF+ MR+ Dex+4}

@: regenerating, studying Earth Magic, slow, incredibly resistant to hostile
enchantments, uncannily stealthy
A: almost no armour, amphibious, 8 rings, constrict 8, antennae 2, iridescent
scales 2, camouflage 1, clumsy 2, cold resistance 1, deterioration 2, dopey 2,
frail 2, high mp 1, low mp 1, screaming 2, slow regeneration 2, weak 2,
gelatinous body 1, MP-powered wands
a: Evolution, Sunlight, Growth, Reproduction, Rain, Renounce Religion, Evoke
Invisibility
}: 10/15 runes: serpentine, barnacled, slimy, silver, golden, iron, obsidian,
icy, bone, abyssal


You were in Pandemonium.
You worshipped Fedhas.
Fedhas was exalted by your worship.
You were very hungry.

You visited 16 branches of the dungeon, and saw 87 of its levels.
You visited Pandemonium 2 times, and saw 17 of its levels.
You visited the Abyss 2 times.
You visited 1 bazaar.
You also visited: Labyrinth, Trove and Wizlab.

You collected 15219 gold pieces.
You spent 7891 gold pieces at shops.

Inventory:

Hand Weapons
 a - the +4 arc blade {discharge, rElec}
   (You took it off Nikola on level 1 of the Vaults)

   It insulates you from electricity.
 m - a +5 eveningstar of flaming (weapon)
 D - the +5 demon whip "Spellbinder" {antimagic, MR+}
   (You found it on level 8 of the Lair of Beasts)

   It disrupts the flow of magical energy around spellcasters and certain
   magical creatures (including the wielder).
   It affects your resistance to hostile enchantments.
 T - a +7 greatsling of flaming
Missiles
 c - 140 sling bullets
Armour
 e - the +2 buckler of Failure (worn) {rF- rN+++ rCorr Slay+6}
   (You found it on level 1 of the Snake Pit)

   It affects your accuracy and damage with ranged weapons and melee attacks
   (+6).
   It makes you vulnerable to fire.
   It renders you almost immune to negative energy.
   It protects you from acid and corrosion.
 Z - the +3 hat of Pondering (worn) {ponderous, MR+ MP+10 Int+5}
   (You took it off Gastronok on level 1 of the Lair of Beasts)

   It affects your intelligence (+5).
   It affects your resistance to hostile enchantments.
   It affects your magic capacity (+10).
Magical Staves
 u - an uncursed staff of energy
Rods
 b - a -1 rod of clouds (13/13)
   (You bought it in a shop on level 2 of the Orcish Mines)
 U - a +7 rod of shadows (16/16)
   (You bought it in a shop on level 5 of the Vaults)
Jewellery
 f - an uncursed ring of stealth {unknown}
 j - a +4 ring of strength (on tentacle)
 k - the ring "Ickuve" (on tentacle) {rElec rC+ AC+3 Int+5 Slay+2}
   (You found it on level 3 of the Elven Halls)

   [ring of protection]

   It affects your AC (+3).
   It affects your intelligence (+5).
   It affects your accuracy and damage with ranged weapons and melee attacks
   (+2).
   It protects you from cold.
   It insulates you from electricity.
 s - a +4 ring of evasion (on tentacle)
 v - a +5 ring of dexterity
 x - the ring "Hagoc" {rF+ Int+2}
   (You found it in a labyrinth)

   [ring of intelligence]

   It affects your intelligence (+2).
   It protects you from fire.
 A - a +6 amulet of reflection (around mantle)
 B - the ring "Vihakee" (on tentacle) {rN+ Str+4 Dex+2}
   (You found it on level 3 of the Abyss)

   [ring of dexterity]

   It affects your strength (+4).
   It affects your dexterity (+2).
   It protects you from negative energy.
 G - the ring of Hard Scrabble (on tentacle) {+Inv rElec rC+ Dex+2}
   (You took it off Dispater on level 7 of the Iron City of Dis)

   [ring of dexterity]

   It affects your dexterity (+2).
   It protects you from cold.
   It insulates you from electricity.
   It lets you turn invisible.
 I - the cursed ring "Cun Quet" (right tentacle) {Fire Int+2 Dex+6}
   (You found it on level 7 of Tartarus)

   [ring of fire]

   It enhances your fire magic, and weakens your ice magic.
   It affects your intelligence (+2).
   It affects your dexterity (+6).
   It protects you from fire.
   It makes you vulnerable to cold.
   It has a curse placed upon it.
 R - the ring "Ycloataf" (left tentacle) {rF+ rN+ Int+2 Dex+2}
   (You found it in a treasure trove)

   [ring of positive energy]

   It affects your intelligence (+2).
   It affects your dexterity (+2).
   It protects you from fire.
   It protects you from negative energy.
 W - the ring "Gegal" (on tentacle) {rF+ MR+ Dex+4}
   (You took it off a wight on level 7 of Cocytus)

   [ring of protection from magic]

   It affects your dexterity (+4).
   It protects you from fire.
   It affects your resistance to hostile enchantments.
Wands
 y - a wand of disintegration (7/24)
 K - a wand of hasting (5/9)
 O - a wand of teleportation (6/9)
 P - a wand of heal wounds (7/9)
 Q - a wand of heal wounds (4/9)
 X - a wand of teleportation (3/9)
Scrolls
 o - 10 scrolls of fear
 z - 8 scrolls of fog
 F - 3 scrolls of magic mapping
Potions
 h - 18 potions of curing
 i - 5 potions of might
 l - 3 potions of ambrosia
 q - a potion of cure mutation
 t - 5 potions of magic
 L - 3 potions of haste
 N - 9 potions of agility
 V - 2 potions of resistance
Books
 p - a manual of Earth Magic
Miscellaneous
 d - a phial of floods
 g - a sack of spiders {used: 3}
 n - a box of beasts
 r - a lamp of fire
 C - a fan of gales
 H - a box of beasts
 S - the horn of Geryon
 Y - a disc of storms
Comestibles
 E - 35 fruits
 J - 4 slices of pizza
 M - 12 meat rations


   Skills:
 + Level 19.1 Fighting
 - Level 14.4 Short Blades
 * Level 18.9 Maces & Flails
   Level 10.0 Polearms
 - Level 17.5 Slings
 + Level 21.4 Dodging
 - Level 24.8 Stealth
 - Level 11.7 Shields
 - Level 18.2 Spellcasting
 + Level 11.9 Charms
 - Level 19.9 Summonings
 - Level 8.8 Necromancy
 - Level 13.6 Translocations
 - Level 10.0 Transmutations
 - Level 10.6 Air Magic
 * Level 16.7 Earth Magic
 - Level 5.8 Poison Magic
 + Level 18.8 Invocations
 + Level 25.4 Evocations


You had 3 spell levels left.
You knew the following spells:

 Your Spells              Type           Power        Failure   Level  Hunger
a - Mephitic Cloud        Conj/Pois/Air  ######..     1%          3    None
b - Control Undead        Necr           ######....   1%          4    None
c - Regeneration          Chrm/Necr      ######....   1%          3    None
d - Spectral Weapon       Hex/Chrm       ######..     1%          3    None
e - Song of Slaying       Chrm           #######.     1%          2    None
f - Shroud of Golubria    Chrm/Tloc      #######...   0%          2    None
g - Statue Form           Trmt/Erth      #######..    1%          6    ##.....
h - Summon Forest         Summ/Tloc      #######...   1%          5    None
i - Ignite Poison         Fire/Trmt/Pois ######..     1%          3    None
j - Malign Gateway        Summ/Tloc      #######...   1%          7    ####...
k - Yara's Violent Unrav  Hex/Trmt       ######....   8%          5    None
l - Summon Lightning Spi  Summ/Air       #######.     1%          4    None
m - Deflect Missiles      Chrm/Air       ######....   2%          6    ##.....
n - Haste                 Chrm           #######.     1%          6    ##.....


Dungeon Overview and Level Annotations

Branches:
Dungeon (15/15)            Temple (0/1) D:6            Lair (8/8) D:11
 Shoals (4/4) Lair:5        Snake (4/4) Lair:6        Slime (6/6) Lair:6
    Orc (2/2) D:10            Elf (3/3) Orc:2        Vaults (5/5) D:14
  Crypt (3/3) Vaults:3       Tomb (3/3) Crypt:3      Depths (5/5) D:15
   Hell (1/1)                 Dis (7/7) Hell            Geh (7/7) Hell
    Coc (7/7) Hell            Tar (7/7) Hell            Zot (0/5) Depths:5

Altars:
Ashenzari
Cheibriados
Dithmenos
Elyvilon
Fedhas
Gozag
Kikubaaqudgha
Makhleb
Nemelex Xobeh
Okawaru
Qazlal
Sif Muna
Trog
Vehumet
Xom
Yredelemnul
The Shining One
Beogh
Jiyva

Shops:
D:10 [   Orc:2 }*   Shoals:1 :   Shoals:2 [   Vaults:2 %   Vaults:3 }(
Vaults:4 [   Vaults:5 }}   Depths:2 !

Portals:
Hell: Depths:1 Depths:2 Depths:3 Depths:4 Depths:5
Abyss: Depths:4 Depths:5
Pandemonium: Depths:1 Depths:3
Ziggurat: Depths:5

Annotations:
Depths:2 3 runed doors


Innate Abilities, Weirdness & Mutations

You cannot wear most types of armour.
You are amphibious.
You can wear up to eight rings at the same time.
You can use your tentacles to constrict eight enemies at once.
Your skin changes colour to match your surroundings (Stealth).
Your rubbery body absorbs attacks (AC +1).
You have a pair of antennae on your head.
You are mostly covered in iridescent scales (AC +6).
You are very clumsy. (Dex -4)
Your flesh is cold resistant.
You are very dopey. (Int -4)
You are very frail (-20% HP).
You have an increased reservoir of magic (+10% MP).
You sometimes yell uncontrollably at your foes.
You expend magic power (3 MP) to strengthen your wands.
[Your body often deteriorates upon taking damage.]
[Your magical capacity is low (-10% MP).]
[You do not regenerate naturally when monsters are visible.]
[You are very weak. (Str -4)]


Message History

The large abomination hits you!
* * * LOW HITPOINT WARNING * * *
The infernal chaos champion calls on the powers of chaos!
The large abomination suddenly seems more resistant.
The large abomination seems to grow stronger.
The infernal chaos champion suddenly seems more resistant.
The gelid demonspawn seems to speed up.
Unknown command.
You hit the infernal chaos champion but do no damage.
You squeeze the infernal chaos champion!!
The infernal chaos champion is almost dead.
You revert to your normal fleshy form.
You constrict the infernal chaos champion, but do no damage.
You constrict the infernal demonspawn.
You block the infernal chaos champion's attack.
The infernal demonspawn completely misses you.
The large abomination completely misses you.
The infernal chaos champion hits you with a lajatang!!
You die...
Fedhas appreciates your contribution to the ecosystem.

.# #.# { ....
##.... #####.....#
#@6........
#6X..=.###.
#X.6...# #......#
#...6..# .
#∩.....# #.
#......# ##.
#......# # 6.
#......§##.###X###


You could see 2 demonspawn, a gelid demonspawn, an infernal demonspawn and 2
large abominations.

Vanquished Creatures
  Antaeus (Coc:7)
  Asmodeus (Geh:7)
  the Royal Jelly (Slime:6)
  the Serpent of Hell (Dis:7)
  Dispater (Dis:7)
  Mennas (Pan)
  A juggernaut (Depths:3)
  4 ancient liches
  20 greater mummies
  Frederick (Depths:1)
  Sojobo (Depths:1)
  Margery (Depths:5)
  Vashnia (Snake:3)
  6 shard shrikes (Coc:7)
  Saint Roka (Elf:3)
  Geryon (Hell)
  7 pandemonium lords (Pan)
  2 oklob plants (Tomb:3)
  Nikola (Vaults:1)
  2 golden dragons (Vaults:5)
  Jory (Tomb:3)
  A profane servitor (Abyss:1)
  27 Tzitzimimeh
  2 iron giants
  15 bone dragons
  7 doom hounds
  7 tentacled monstrosities
  15 Brimstone Fiends
  16 Ice Fiends
  A hellephant (Abyss:3)
  10 liches
  2 quicksilver dragons
  A deep elf blademaster (Elf:3)
  15 Hell Sentinels
  16 tentacled starspawn
  3 titans
  19 acid blobs
  Asterion (Vaults:3)
  2 krakens
  2 deep elf master archers (Elf:3)
  7 ancient champions
  13 sphinxes
  Agnes (Elf:1)
  10 Executioners
  Ilsuiw (Shoals:4)
  5 storm dragons
  6 tengu reavers
  23 shadow dragons
  4 eldritch tentacles
  A shadow dragon (shapeshifter) (Vaults:5)
  A draconian monk (Abyss:1)
  11 azure jellies
  Roxanne (Snake:3)
  17 greater nagas
  8 revenants
  17 vault wardens
  9 iron dragons
  A fire giant (shapeshifter) (Vaults:5)
  6 deep elf sorcerers
  13 fire giants
  11 frost giants
  13 cacodemons
  2 orc warlords
  3 warmongers (Pan)
  An angel (Pan)
  64 reapers
  3 spriggan defenders
  19 balrugs
  4 deep elf elementalists
  50 very ugly things
  A caustic shrike skeleton (Depths:3)
  28 stone giants
  6 war gargoyles
  8 corrupters (Pan)
  18 ironheart preservers
  A draconian caller (Depths:5)
  14 deep elf demonologists
  10 salamander stormcallers
  9 vampire knights
  8 dire elephants (Abyss:3)
  3 elemental wellsprings (Coc:7)
  13 lorocyprocas
  7 bennus
  4 green draconians (Depths:5)
  6 black suns (Pan)
  10 purple draconians (WizLab)
  7 deep elf annihilators
  A red draconian (Depths:5)
  A white draconian (Depths:5)
  3 yellow draconians
  4 spark wasps (Depths:3)
  2 statues (WizLab)
  A mottled draconian (Depths:5)
  5 eidola
  13 green deaths
  14 ettins
  2 death oozes (Slime:6)
  8 deep elf death magi
  7 merfolk javelineers
  A minotaur (Lab)
  36 vault guards
  A quicksilver dragon zombie (Geh:7)
  28 blizzard demons
  18 mummy priests
  10 merfolk impalers
  Josephine (Lair:5)
  A kraken zombie (Coc:7)
  7 jiangshi
  16 fire dragons
  2 deep elf high priests
  18 yaktaur captains
  15 great orbs of eyes
  5 entropy weavers
  7 hell beasts
  A hydra (shapeshifter) (Vaults:5)
  5 rakshasas
  10 monstrous demonspawn (Pan)
  5 quicksilver dragon skeletons
  27 naga warriors
  2 ghost crabs (shapeshifter)
  29 ice dragons
  5 spriggan air magi
  5 hydras
  3 merfolk avatars
  4 merfolk aquamancers
  4 death knights
  25 ogre magi
  2 alligator snapping turtles (Shoals:4)
  19 anacondas
  29 dancing weapons
  12 centaur warriors
  6 satyrs
  7 tengu warriors
  13 vampire magi
  A wandering mushroom (D:9)
  35 hell hogs
  A titan zombie (Geh:7)
  3 spriggan berserkers
  8 deep troll shamans
  21 naga sharpshooters
  11 thrashing horrors
  4 shock serpents
  4 death yaks
  7 deep troll earth magi
  10 iron golems
  41 sun demons
  33 soul eaters
  2 iron giant zombies
  37 hell knights
  25 deep elf knights
  3 titan skeletons
  2 storm dragon zombies
  An iron troll (shapeshifter) (Vaults:5)
  21 wretched stars
  120 skeletal warriors
  16 shadow wraiths
  A cherub (Pan)
  10 iron trolls
  A fire crab (Lair:7)
  A golden dragon zombie (Coc:7)
  5 anaconda zombies
  7 salamander mystics
  23 shadow demons
  3 spatial maelstroms (Abyss:3)
  A death drake (Abyss:1)
  7 gelid demonspawn (Pan)
  An unseen horror (shapeshifter) (Vaults:4)
  35 death scarabs
  7 storm dragon skeletons
  2 quicksilver dragon simulacra
  24 deep trolls
  5 infernal demonspawn (Pan)
  18 flayed ghosts
  7 giant orange brains
  5 putrid demonspawn (Pan)
  6 golden dragon skeletons
  19 deep elf archers
  7 sea snakes
  16 naga ritualists
  23 phantasmal warriors
  4 kraken simulacra
  33 harpies
  A harpy (shapeshifter) (D:14)
  10 unseen horrors
  19 necromancers
  8 anaconda skeletons
  A wolf spider zombie (Dis:2)
  6 torturous demonspawn (Pan)
  31 ironbrand convokers
  4 shadow dragon zombies
  29 anubis guards
  8 hill giants
  2 tengu skeletons
  4 fire giant zombies
  3 wizards
  4 wolf spiders
  13 mana vipers
  5 orc sorcerers
  14 orc knights
  79 deep elf magi
  2 frost giant zombies
  8 manticores
  22 fauns
  46 ugly things
  13 griffons
  A cyclops (shapeshifter) (Elf:1)
  7 shadow dragon skeletons
  6 hornets
  4 shining eyes
  7 worldbinders
  22 salamanders
  10 cyclopes
  3 hornets (shapeshifter)
  4 ice statues
  3 sphinx skeletons
  10 iron dragon skeletons
  16 sixfirhies
  A water nymph (shapeshifter) (Depths:4)
  6 sirens
  17 guardian serpents
  A dire elephant zombie (Geh:1)
  3 apocalypse crabs
  44 rust devils
  28 elephants
  10 frost giant skeletons
  26 smoke demons
  Joseph (Lair:1)
  16 vault sentinels
  3 water nymphs
  47 black mambas
  14 orange demons
  A torpor snail (Lair:4)
  5 titan simulacra (Coc:7)
  7 fire giant skeletons
  24 spiny frogs
  2 elf skeletons
  An eye of devastation (Slime:5)
  2 gargoyles
  21 naga magi
  10 stone giant skeletons
  4 storm dragon simulacra (Coc:7)
  9 molten gargoyles
  A spiny frog (shapeshifter) (Abyss:3)
  A yaktaur (shapeshifter) (Vaults:2)
  4 shock serpent skeletons
  5 rime drakes
  5 dire elephant skeletons
  49 yaktaurs
  A spriggan skeleton (Depths:2)
  5 kobold demonologists
  32 hellions
  7 hellwings (Pan)
  5 demonic crawlers (Pan)
  34 tormentors
  30 freezing wraiths
  12 ancient zymes
  8 komodo dragons
  4 efreet
  5 anaconda simulacra (Coc:7)
  A golden dragon simulacrum (Depths:3)
  30 ice devils
  3 hydra zombies
  23 red devils
  2 jumping spiders (shapeshifter)
  21 guardian mummies
  3 silent spectres
  A troll (shapeshifter) (Vaults:5)
  8 tengu conjurers
  39 merfolk
  6 trolls
  3 catoblepas skeletons
  2 polar bears
  A green draconian skeleton (Crypt:1)
  A queen bee (shapeshifter) (Vaults:4)
  A wind drake (shapeshifter) (Vaults:1)
  5 giant leeches (Lair:8)
  A bog body (Crypt:3)
  A two-headed ogre (shapeshifter) (Vaults:1)
  47 two-headed ogres
  3 wind drakes
  2 alligator zombies
  47 large abominations
  8 boulder beetles
  27 raiju
  14 snapping turtles
  31 blink frogs
  2 harpy skeletons (Coc:7)
  2 ettin zombies
  2 fire dragon zombies
  A frost giant simulacrum (Coc:7)
  11 hydra skeletons
  96 slime creatures
  9 ushabtiu
  2 ice dragon zombies
  2 stone giant simulacra
  12 ettin skeletons
  110 flying skulls
  2 vampires
  21 water elementals
  8 fire dragon skeletons
  2 black mamba zombies
  32 yaks
  7 air elementals
  8 ice dragon skeletons
  32 shadows
  A tarantella (Depths:4)
  A guardian serpent skeleton (Crypt:2)
  14 redbacks
  6 spriggans
  A wyvern (shapeshifter) (Vaults:1)
  9 alligator skeletons
  32 wraiths
  3 wyverns
  17 ynoxinuls
  11 golden eyes
  10 neqoxecs
  13 fire elementals
  A human (shapeshifter) (Vaults:4)
  2 hungry ghosts
  3 black mamba skeletons
  10 basilisks
  9 chaos spawn
  A steam dragon (Lair:3)
  The ghost of Jersh the Poker, an amateur MfSk of Okawaru (D:5)
  22 vampire mosquitoes
  10 hippogriffs
  2 spriggan simulacra
  12 wargs
  3 mottled dragons
  A soldier ant (D:14)
  3 spatial vortices
  A soldier ant (shapeshifter) (Vaults:4)
  71 nagas
  5 spiny frog zombies
  10 hydra simulacra
  39 hell hounds
  13 porcupines
  A giant eyeball (shapeshifter) (Depths:2)
  2 merfolk skeletons
  A putrid demonspawn skeleton (Crypt:1)
  3 ice beasts
  11 water moccasins
  39 orc warriors
  3 sky beasts
  A black bear (D:7)
  7 wasps
  7 eyes of draining
  A manticore zombie (Coc:7)
  3 phantoms
  An alligator simulacrum (Hell)
  An elf zombie (Vaults:3)
  28 small abominations
  6 spiny frog skeletons
  8 necrophages
  89 ogres
  7 boggarts
  2 manticore skeletons
  A snapping turtle zombie (Geh:1)
  A wolf (Abyss:3)
  14 crocodiles
  2 swamp dragon skeletons
  11 snapping turtle skeletons
  36 centaurs
  4 big kobolds
  2 rime drake skeletons (Crypt:2)
  26 giant frogs
  Dowan (D:7)
  2 yaktaur skeletons
  4 earth elementals
  A spiny frog simulacrum (Coc:3)
  A wyvern skeleton (D:14)
  2 scorpions
  A troll zombie (Geh:7)
  An elf simulacrum (Vaults:1)
  A spriggan zombie (Geh:7)
  2 human simulacra
  A swamp dragon simulacrum (Abyss:3)
  A manticore simulacrum (Coc:7)
  9 killer bees
  A snapping turtle simulacrum (Coc:7)
  57 wights
  A raiju skeleton (Crypt:3)
  2 howler monkeys
  3 electric eels
  14 crimson imps
  A centaur zombie (Geh:4)
  A lava snake (Lair:6)
  4 quasits
  58 starcursed masses
  A human zombie (Geh:2)
  24 jellies
  16 orc priests
  Crazy Yiuf (D:7)
  7 hounds
  A human skeleton (Crypt:3)
  9 centaur skeletons
  3 giant frog skeletons
  12 iguanas
  30 iron imps
  10 worker ants
  A demonspawn skeleton (Crypt:3)
  6 hell rats
  27 orc wizards
  2 porcupine skeletons (Crypt:1)
  25 sheep
  An ogre zombie (Tar:7)
  A dwarf skeleton (Crypt:1)
  An ogre skeleton (Crypt:2)
  A naga skeleton (Dis:6)
  A mottled dragon skeleton (Crypt:1)
  2 hound skeletons
  40 mummies
  A howler monkey skeleton (D:8)
  16 adders
  4 gnolls
  70 river rats
  A steam dragon skeleton (Crypt:3)
  15 shadow imps
  10 white imps
  5 ufetubi
  An ooze (D:1)
  A sheep zombie (Crypt:2)
  2 adder skeletons
  An iguana skeleton (Crypt:3)
  2 worms (D:2)
  2 dart slugs (D:1)
  A giant gecko (D:10)
  103 orcs
  3 giant cockroaches
  9 goblins
  7 hobgoblins
  6 jackals
  37 kobolds
  4 quokkas
  4 ball pythons (D:7)
  4 bats
  2 giant newts
  A giant newt skeleton (Crypt:2)
  2 jackal skeletons (D:5)
  A kobold skeleton (Crypt:2)
  A kobold zombie (Tar:7)
  2 orc skeletons
  An orc zombie (Dis:3)
  A rat (D:1)
  4 ballistomycetes (Snake:4)
  2 crawling corpses
  An eldritch tentacle segment (Dis:1)
  2 fire vortices
  9 giant spores
  A lost soul (Crypt:2)
  11 starspawn tentacles
  8 tentacles
  A tentacle segment (Coc:7)
  21 toadstools
4867 creatures vanquished.

Vanquished Creatures (collateral kills)
  Ereshkigal (Tar:7)
  Khufu (Tomb:3)
  Mara (Tomb:3)
  2 ancient liches (Tomb:3)
  7 greater mummies
  Norris (Snake:4)
  Rupert (Lair:8)
  A Hell Sentinel (Dis:7)
  A deep elf blademaster (Elf:3)
  An ancient champion (Tomb:3)
  Frances (Elf:1)
  An acid blob (Slime:6)
  Gastronok (Lair:1)
  A daeva (Abyss:2)
  2 revenants (Tomb:3)
  2 shadow dragons (Tar:7)
  A greater naga (Snake:4)
  2 deep elf sorcerers (Elf:3)
  Aizul (Snake:1)
  2 balrugs
  A very ugly thing (Depths:1)
  4 reapers
  A deep elf demonologist (Elf:3)
  A purple draconian (WizLab)
  5 deep elf annihilators (Elf:3)
  A statue (WizLab)
  A blizzard demon (Pan)
  2 green deaths (Pan)
  4 mummy priests (Tomb:3)
  6 deep elf death magi (Elf:3)
  2 deep elf high priests (Elf:3)
  A great orb of eyes (Slime:6)
  An ice dragon (Depths:4)
  A hydra (Lair:6)
  2 ogre magi
  6 dancing weapons
  2 death yaks (Lair:8)
  A naga sharpshooter (Snake:1)
  2 hell hogs (Hell)
  4 sun demons (Pan)
  4 soul eaters
  A deep elf knight (Elf:2)
  A sea snake (Shoals:4)
  7 skeletal warriors
  A death scarab (Tomb:1)
  A shadow wraith (Tar:7)
  A hell knight (Hell)
  An infernal demonspawn (Pan)
  2 shadow demons (Tar:7)
  2 hill giants
  Pikel (D:7)
  20 anubis guards (Tomb:3)
  An orc knight (Orc:2)
  2 harpies (Shoals:4)
  5 deep elf magi
  A cyclops (D:15)
  A manticore (Shoals:4)
  3 ugly things
  A worldbinder (Abyss:2)
  2 shining eyes
  2 fauns (Shoals:4)
  A wolf spider (shapeshifter) (Depths:4)
  3 sixfirhies (Pan)
  2 black mambas
  A salamander (Snake:4)
  3 elephants
  A naga mage (Snake:2)
  A rust devil (Hell)
  A dire elephant skeleton (Geh:7)
  5 smoke demons (Pan)
  4 hellions
  2 komodo dragons
  6 orange demons (Pan)
  4 rime drakes (Lair:6)
  A tormentor (Tar:7)
  6 hellwings (Pan)
  10 guardian mummies (Tomb:3)
  4 red devils (Pan)
  2 trolls
  A merfolk (Shoals:4)
  2 two-headed ogres
  A giant leech (Lair:8)
  12 ushabtiu (Tomb:3)
  7 slime creatures
  A hydra skeleton (Tar:7)
  2 snapping turtles (Shoals:4)
  6 blink frogs
  3 large abominations
  A shadow (D:11)
  2 wraiths (D:10)
  A yak (Lair:8)
  3 ynoxinuls (Pan)
  4 flying skulls
  A chaos spawn (Pan)
  3 hippogriffs
  A human (D:8)
  5 neqoxecs
  A fire elemental (Hell)
  2 vampire mosquitoes (Lair:8)
  2 wargs
  A hungry ghost (D:8)
  4 nagas
  A water moccasin (Lair:8)
  A soldier ant (D:6)
  A giant eyeball (Slime:6)
  Duvessa (D:7)
  A porcupine (Lair:1)
  4 orc warriors
  A sky beast (D:11)
  An ice beast (D:8)
  7 ogres
  2 phantoms
  A centaur (D:14)
  A crocodile (Lair:1)
  5 giant frogs
  An earth elemental (Elf:3)
  5 wights
  A crimson imp (D:11)
  5 orc priests
  3 jellies
  4 orc wizards
  2 iguanas
  2 hell rats (Hell)
  4 sheep (D:8)
  13 mummies
  3 gnolls (D:4)
  5 river rats
  3 shadow imps (Tar:7)
  9 orcs
  3 crawling corpses (Elf:3)
  14 giant spores
  A hyperactive ballistomycete (WizLab)
  A starspawn tentacle (Abyss:3)
368 creatures vanquished.

Vanquished Creatures (others)
  An oklob plant (Tar:7)
  A Tzitzimitl (Tar:7)
  A sphinx (Tomb:1)
  14 eldritch tentacles
  A revenant (Tomb:3)
  2 ironheart preservers
  A blood saint (Pan)
  9 ghouls
  A corrupter (Pan)
  An elemental wellspring (Coc:7)
  A bennu (Tomb:2)
  A black sun (Pan)
  A white draconian (Abyss:1)
  A statue (WizLab)
  2 yaktaur captains
  A great orb of eyes (Depths:4)
  A kraken zombie (Coc:2)
  2 naga warriors
  A monstrous demonspawn (Pan)
  An anaconda (Snake:4)
  An ogre mage (Orc:2)
  A satyr (Shoals:4)
  2 hell hogs
  A sun demon (Pan)
  5 naga sharpshooters
  2 death scarabs (Tomb:3)
  A ghost moth zombie (Tar:7)
  2 deep elf archers
  An infernal demonspawn (Pan)
  2 phantasmal warriors
  4 deep elf magi
  4 fauns
  A cyclops (Shoals:4)
  10 wolf spider zombies
  A sixfirhy (Pan)
  A salamander (Geh:6)
  A manticore (Shoals:4)
  A guardian serpent (Snake:4)
  A titan simulacrum (Coc:7)
  2 emperor scorpion zombies
  A tormentor (Pan)
  5 yaktaurs
  A purple draconian skeleton (Coc:7)
  3 red devils
  An efreet (Geh:6)
  A queen ant zombie (Crypt:2)
  A merfolk (Shoals:4)
  A two-headed ogre (Vaults:5)
  4 bog bodies
  8 flying skulls
  A water elemental (Coc:7)
  An air elemental (Elf:1)
  A fire elemental (Geh:4)
  A ynoxinul (Pan)
  A fire dragon skeleton (Tomb:3)
  A neqoxec (Pan)
  An orb spider zombie (Crypt:3)
  3 nagas
  2 slaves (D:7)
  An ettin simulacrum (Tomb:2)
  17 necrophages
  4 centaurs
  5 wights
  2 iron imps
  A jelly (Slime:5)
  A worker ant (D:8)
  3 mummies
  A worker ant zombie (D:11)
  2 adders
  A river rat (Lair:6)
  2 orcs (Vaults:4)
  A goblin (D:2)
  A quokka (D:2)
  A ball python (D:7)
  A giant newt (D:2)
  An orc skeleton (Geh:6)
  42 wandering mushrooms
  36 ballistomycetes
  843 eldritch tentacle segments
  2 fire vortices
  26 fungi
  25 giant spores
  A hyperactive ballistomycete (Snake:4)
  9 lost souls
  4 lurking horrors
  55 plants
  5 snaplasher vines
  428 snaplasher vine segments
  44 spectral weapons
  22 starspawn tentacles
  272 starspawn tentacle segments
  36 tentacles
  2120 tentacle segments
  3193 toadstools
7334 creatures vanquished.

Grand Total: 12569 creatures vanquished

Notes
Turn   | Place    | Note
--------------------------------------------------------------
     0 | D:1      | M4edhros the Octopode Artificer began the quest for the Orb.
     0 | D:1      | Reached XP level 1. HP: 13/13 MP: 3/3
   203 | D:2      | Reached XP level 2. HP: 18/18 MP: 4/4
   380 | D:2      | Found a white marble altar of Elyvilon.
   519 | D:4      | Found a blossoming altar of Fedhas.
   561 | D:4      | Became a worshipper of Fedhas Madash
   611 | D:4      | Reached skill level 5 in Stealth
   611 | D:4      | Reached XP level 3. HP: 23/23 MP: 5/5
   839 | D:3      | Reached XP level 4. HP: 13/28 MP: 6/6
  2252 | D:2      | Reached XP level 5. HP: 31/33 MP: 7/7
  2392 | D:2      | Found a snail-covered altar of Cheibriados.
  2504 | D:2      | Found a burning altar of Makhleb.
  2504 | D:2      | Found a radiant altar of Vehumet.
  2833 | D:3      | Reached * piety under Fedhas
  2915 | D:3      | Found a shadowy altar of Dithmenos.
  3273 | D:4      | Reached XP level 6. HP: 16/38 MP: 8/8
  3749 | D:4      | Reached skill level 1 in Invocations
  3785 | D:4      | Found a blossoming altar of Fedhas.
  3787 | D:4      | Found an ancient bone altar of Kikubaaqudgha.
  3797 | D:4      | Reached skill level 1 in Shields
  4119 | D:5      | Entered Level 5 of the Dungeon
  4184 | D:5      | Found a shattered altar of Ashenzari.
  4289 | D:6      | Reached XP level 7. HP: 35/43 MP: 9/9
  4291 | D:6      | Reached ** piety under Fedhas
  4304 | D:6      | Found a deep blue altar of Sif Muna.
  4356 | D:5      | Noticed Jersh's ghost (amateur MfSk)
  4390 | D:5      | Killed Jersh's ghost
  5450 | D:6      | Reached XP level 8. HP: 51/51 MP: 11/11
  5454 | D:6      | Gained mutation: You are partially covered in yellow scales (AC +2). [mutagenic meat]
  5455 | D:6      | Gained mutation: You occasionally shout uncontrollably at your foes. [mutagenic meat]
  5456 | D:6      | Gained mutation: You have supernaturally acute eyesight. [mutagenic meat]
  5457 | D:6      | Gained mutation: You are partially covered in rough black scales (AC +4, Dex -1). [mutagenic meat]
  5481 | D:6      | Found a staircase to the Ecumenical Temple.
  5523 | D:6      | Found a bloodstained altar of Trog.
  5666 | D:6      | Reached skill level 5 in Invocations
  6107 | D:6      | Found a stormy altar of Qazlal.
  6347 | D:7      | Found a basalt altar of Yredelemnul.
  6393 | D:7      | Reached *** piety under Fedhas
  6554 | D:7      | Noticed Duvessa
  6561 | D:7      | Noticed Dowan
  6564 | D:7      | Killed Duvessa
  6568 | D:7      | Killed Dowan
  6676 | D:7      | Reached skill level 10 in Stealth
  6788 | D:7      | Noticed a boulder beetle
  6803 | D:7      | Killed a boulder beetle
  7009 | D:7      | Noticed Pikel
  7022 | D:7      | Killed Pikel
  7022 | D:7      | Reached XP level 9. HP: 14/59 MP: 12/14
  7364 | D:7      | Noticed Crazy Yiuf
  7371 | D:7      | Killed Crazy Yiuf
  7832 | D:8      | Reached skill level 5 in Shields
  7859 | D:8      | Reached skill level 5 in Fighting
  8166 | D:8      | Found a shadowy altar of Dithmenos.
  8234 | D:8      | Found an opulent altar of Gozag.
  8272 | D:8      | Reached XP level 10. HP: 46/66 MP: 16/16
  8358 | D:8      | Found an iron altar of Okawaru.
  8637 | D:8      | Reached **** piety under Fedhas
  8754 | D:9      | Found an opulent altar of Gozag.
  9081 | D:9      | Found a sparkling altar of Nemelex Xobeh.
  9689 | D:10     | Entered Level 10 of the Dungeon
  9730 | D:10     | Found a portal to a secret trove of treasure.
  9760 | Trove    | Entered a treasure trove
  9783 | Trove    | Got a pitted ivory ring
  9784 | Trove    | Identified the ring of Rizacik {Ice *Corrode rN+ Dex+5} (You found it in a treasure trove)
  9797 | Trove    | Got a smoking copper ring
  9798 | Trove    | Identified the ring "Ycloataf" {rF+ rN+ Int+2 Dex+2} (You found it in a treasure trove)
 10310 | D:10     | Found Uteon's Armour Boutique.
 10310 | D:10     | Found a staircase to the Orcish Mines.
 10359 | D:10     | Reached skill level 4 in Evocations
 10717 | D:10     | Found a shimmering altar of Xom.
 11036 | D:11     | Reached skill level 1 in Polearms
 11360 | D:11     | Reached skill level 5 in Dodging
 11371 | D:11     | Gained mutation: Your muscles are strong. (Str +2) [mutagenic meat]
 11372 | D:11     | Gained mutation: You are dopey. (Int -2) [mutagenic meat]
 11373 | D:11     | Lost mutation: You occasionally shout uncontrollably at your foes. [mutagenic meat]
 11374 | D:11     | Gained mutation: You are agile. (Dex +2) [mutagenic meat]
 11375 | D:11     | Gained mutation: You possess an exceptional clarity of mind. [mutagenic meat]
 11497 | D:11     | Reached XP level 11. HP: 47/72 MP: 17/17
 11530 | D:11     | Reached skill level 5 in Evocations
 11564 | D:11     | Found a staircase to the Lair.
 11613 | D:11     | Noticed a purple ugly thing
 11623 | D:11     | Killed a purple ugly thing
 11627 | D:11     | Gained mutation: [Your magical capacity is low (-10% MP).] [mutagenic meat]
 11977 | D:11     | Noticed a hill giant
 11987 | D:11     | Killed a hill giant
 12565 | D:12     | Noticed a centaur warrior
 12594 | D:12     | Killed a centaur warrior
 12594 | D:12     | Reached skill level 5 in Polearms
 12660 | D:12     | Noticed a white ugly thing
 12673 | D:12     | Killed a white ugly thing
 12673 | D:12     | Reached skill level 6 in Evocations
 12817 | D:12     | Noticed a hill giant
 12830 | D:12     | Killed a hill giant
 13158 | D:12     | Noticed a white ugly thing
 13161 | D:12     | Noticed a hill giant
 13169 | D:12     | Killed a white ugly thing
 13181 | D:12     | Killed a hill giant
 13185 | D:12     | Gained mutation: You can translocate small distances at will. [mutagenic meat]
 13186 | D:12     | Gained mutation: One of your tentacles bears a spike. [mutagenic meat]
 13705 | D:13     | Noticed a deep elf mage
 13711 | D:13     | Killed a deep elf mage
 13711 | D:13     | Reached XP level 12. HP: 78/78 MP: 17/17
 13742 | D:13     | Reached skill level 7 in Evocations
 13883 | D:13     | Noticed a centaur warrior
 13897 | D:13     | Killed a centaur warrior
 14244 | D:14     | Found a gate to the Vaults.
 14341 | D:14     | Reached ***** piety under Fedhas
 14357 | D:14     | Reached skill level 8 in Evocations
 14369 | D:14     | Noticed a centaur warrior
 14406 | D:14     | Killed a centaur warrior
 14615 | D:14     | Reached skill level 10 in Dodging
 14623 | D:14     | Gained mutation: You are partially covered in large bone plates (AC +2, SH +2). [mutagenic meat]
 14624 | D:14     | Lost mutation: You possess an exceptional clarity of mind. [mutagenic meat]
 14932 | D:14     | Noticed a four-headed hydra
 14951 | D:14     | Killed a four-headed hydra
 14951 | D:14     | Reached XP level 13. HP: 79/83 MP: 17/17
 15218 | D:15     | Entered Level 15 of the Dungeon
 15283 | D:15     | Reached skill level 10 in Polearms
 15357 | D:15     | Identified a scroll of acquirement
 15417 | D:15     | Found a glowing golden altar of the Shining One.
 15432 | D:15     | Reached skill level 9 in Evocations
 15518 | D:15     | Paralysed by an orc sorcerer for 7 turns
 15583 | D:15     | Found a staircase to the Depths.
 15583 | D:15     | Noticed a yaktaur captain
 15606 | D:15     | Killed a yaktaur captain
 16450 | D:15     | Reached skill level 10 in Evocations
 16642 | Lair:1   | Entered Level 1 of the Lair of Beasts
 16642 | Lair:1   | Noticed Gastronok
 16642 | Lair:1   | Noticed Joseph
 16649 | Lair:1   | Killed Joseph
 16663 | Lair:1   | Killed Gastronok
 16960 | Lair:1   | Reached XP level 14. HP: 92/92 MP: 19/19
 18191 | Lair:3   | Reached ****** piety under Fedhas
 19084 | Lair:4   | Got a bound steel ring
 19109 | Lair:4   | Identified the ring "Geog" {Fragile MR+ Int+2 Stlth+} (You found it on level 4 of the Lair of Beasts)
 19276 | Lair:4   | Found an ancient bone altar of Kikubaaqudgha.
 19445 | Lair:4   | Identified a +2 rod of ignition (12/12) (You acquired it on level 4 of the Lair of Beasts)
 19802 | Lair:5   | Found a staircase to the Shoals.
 19836 | Lair:5   | Reached skill level 11 in Evocations
 20771 | Lair:5   | Noticed Josephine
 20778 | Lair:5   | Killed Josephine
 21208 | Lair:6   | Reached XP level 15. HP: 48/101 MP: 21/21
 21592 | Lair:6   | Found a staircase to the Snake Pit.
 21838 | Lair:6   | Found a viscous altar of Jiyva.
 21838 | Lair:6   | Found a staircase to the Slime Pits.
 22803 | Lair:8   | Entered Level 8 of the Lair of Beasts
 22847 | Lair:8   | Found a labyrinth entrance.
 22940 | Lab      | Entered a labyrinth
 23141 | Lab      | Got a steaming brass ring
 23142 | Lab      | Identified the ring "Hagoc" {rF+ Int+2} (You found it in a labyrinth)
 23148 | Lab      | Got a twisted falchion {flame}
 23190 | Lair:8   | Noticed Rupert
 23213 | Lair:8   | Killed Rupert
 23338 | Lair:8   | Reached skill level 12 in Evocations
 23392 | Lair:8   | Reached skill level 15 in Dodging
 23675 | Lair:8   | Reached skill level 10 in Fighting
 23971 | Lair:8   | Got a twisted trident
 23972 | Lair:8   | Identified the +6 trident "Jotol" {pierce, rN+ Str+2} (You found it on level 8 of the Lair of Beasts)
 24145 | Lair:8   | Learned a level 3 spell: Mephitic Cloud
 24781 | Orc:1    | Entered Level 1 of the Orcish Mines
 24782 | Orc:1    | Found a roughly hewn altar of Beogh.
 24794 | Orc:1    | Reached XP level 16. HP: 109/109 MP: 22/22
 24809 | Orc:1    | Reached skill level 1 in Maces & Flails
 25423 | Orc:2    | Entered Level 2 of the Orcish Mines
 25444 | Orc:2    | Found Teulaut's General Store.
 25444 | Orc:2    | Found Issig's Food Emporium.
 25445 | Orc:2    | Found Ruxicheg's Food Emporium.
 25445 | Orc:2    | Found Ifra's Gadget Boutique.
 25554 | Orc:2    | Bought a book of Minor Magic for 260 gold pieces
 25557 | Orc:2    | Learned a level 2 spell: Repel Missiles
 25559 | Orc:2    | Bought 3 fruits for 49 gold pieces
 25562 | Orc:2    | Bought a -1 rod of clouds (13/13) for 1360 gold pieces
 25873 | Orc:2    | Found a staircase to the Elven Halls.
 26120 | Elf:1    | Entered Level 1 of the Elven Halls
 26139 | Elf:1    | Lost mutation: You are agile. (Dex +2) [mutagenic meat]
 26206 | Elf:1    | Noticed Frances
 26213 | Elf:1    | Killed Frances
 26213 | Elf:1    | Reached skill level 1 in Air Magic
 26213 | Elf:1    | Reached skill level 13 in Evocations
 26258 | Elf:1    | Found a flickering gateway to a bazaar.
 26275 | Bazaar   | Entered a bazaar
 26276 | Bazaar   | Found Ycesaes's Book Emporium.
 26277 | Bazaar   | Found Selamiyll's Magic Scroll Emporium.
 26292 | Bazaar   | Found Paelir's Jewellery Boutique.
 26299 | Bazaar   | Found Roaliat's Food Boutique.
 26343 | Bazaar   | Bought a book of Necromancy for 390 gold pieces
 26357 | Bazaar   | Bought a scroll of identify for 18 gold pieces
 26358 | Bazaar   | Bought a scroll of identify for 18 gold pieces
 26377 | Bazaar   | Bought a +4 ring of strength for 243 gold pieces
 26377 | Bazaar   | Bought the amulet "Titz" {Faith rElec rPois MP+9} for 523 gold pieces
 26392 | Bazaar   | Bought a scroll of identify for 18 gold pieces
 26392 | Bazaar   | Bought a scroll of identify for 18 gold pieces
 26392 | Bazaar   | Bought a scroll of summoning for 85 gold pieces
 26441 | Elf:1    | Learned a level 3 spell: Regeneration
 26518 | Elf:1    | Found a magical portal.
 26537 | WizLab   | Entered Iskenderun's Mystic Tower
 26632 | WizLab   | Reached skill level 1 in Charms
 28094 | WizLab   | Reached skill level 10 in Shields
 28134 | WizLab   | Identified Iskenderun's Disquisition on Attacks
 28134 | WizLab   | Identified Iskenderun's Grimoire of Conjuration
 28144 | WizLab   | Learned a level 3 spell: Spectral Weapon
 28426 | WizLab   | Learned a level 2 spell: Song of Slaying
 28429 | WizLab   | Learned a level 2 spell: Shroud of Golubria
 28687 | Elf:1    | Noticed Agnes
 28692 | Elf:1    | Reached skill level 1 in Spellcasting
 28694 | Elf:1    | Killed Agnes
 28694 | Elf:1    | Reached XP level 17. HP: 117/117 MP: 24/24
 29239 | Elf:1    | Reached skill level 14 in Evocations
 29437 | Elf:1    | Noticed a Hell Sentinel
 29439 | Elf:1    | Noticed a Hell Sentinel
 29695 | Elf:2    | Found a radiant altar of Vehumet.
 29855 | Elf:2    | Reached skill level 5 in Maces & Flails
 29873 | Elf:2    | Reached skill level 5 in Charms
 30354 | Elf:3    | Entered Level 3 of the Elven Halls
 30481 | Elf:2    | Found a huge runed gate.
 30481 | Elf:2    | Found a huge runed gate.
 30481 | Elf:2    | Found a huge runed gate.
 30487 | Elf:2    | Found a huge runed gate.
 30487 | Elf:2    | Found a huge runed gate.
 30593 | Elf:3    | Noticed Saint Roka
 30611 | Elf:3    | Killed Saint Roka
 30740 | Elf:3    | Found a deep blue altar of Sif Muna.
 30873 | Elf:3    | Reached skill level 5 in Spellcasting
 30874 | Elf:3    | Noticed a Brimstone Fiend
 31014 | Elf:3    | Noticed a deep elf blademaster
 31080 | Elf:3    | Noticed a Tzitzimitl
 31112 | Elf:3    | Noticed a deep elf master archer
 31113 | Elf:3    | Noticed a deep elf blademaster
 31135 | Elf:3    | Killed a deep elf blademaster
 31305 | Elf:3    | Reached XP level 18. HP: 108/125 MP: 26/26
 31311 | Elf:3    | Noticed a deep elf master archer
 31320 | Elf:3    | Killed a deep elf master archer
 31320 | Elf:3    | Reached skill level 15 in Evocations
 31330 | Elf:3    | Killed a deep elf blademaster
 31401 | Elf:3    | Killed a deep elf master archer
 31747 | Elf:3    | Got a glittering diamond amulet
 31748 | Elf:3    | Identified the amulet of Fedhas's Supremacy {Inacc rF- rN+ MP+9} (You found it on level 3 of the Elven Halls)
 31763 | Elf:3    | Identified the Compendium of Nocuous Hexes
 31766 | Elf:3    | Got an ancient golden ring
 31768 | Elf:3    | Identified the ring "Ickuve" {rElec rC+ AC+3 Int+5 Slay+2} (You found it on level 3 of the Elven Halls)
 31769 | Elf:3    | nice ring, slay 2 int 5 ac3 rc relec
 31975 | Elf:3    | Lost mutation: One of your tentacles bears a spike. [mutagenic meat]
 32202 | Elf:3    | Reached skill level 10 in Invocations
 33927 | Snake:1  | Entered Level 1 of the Snake Pit
 34030 | Snake:1  | Found an ancient bone altar of Kikubaaqudgha.
 34039 | Snake:1  | Noticed Aizul
 34056 | Snake:1  | Killed Aizul
 34072 | Snake:1  | Gained mutation: [You regenerate slowly when monsters are visible.] [mutagenic meat]
 34301 | Snake:1  | Lost mutation: Your muscles are strong. (Str +2) [mutagenic meat]
 34302 | Snake:1  | Gained mutation: You are covered in fur (AC +1). [mutagenic meat]
 34304 | Snake:1  | Lost mutation: [Your magical capacity is low (-10% MP).] [mutagenic meat]
 34407 | Snake:1  | Got a bloodstained buckler
 34418 | Snake:1  | Identified the +2 buckler of Failure {rF- rN+++ rCorr Slay+6} (You found it on level 1 of the Snake Pit)
 34418 | Snake:1  | right now i have like 6rn++++++
 34514 | Snake:1  | Got a translucent golden ring
 34516 | Snake:1  | Identified the ring of Sin {*Contam rPois rN+ MP+9 Stlth-} (You found it on level 1 of the Snake Pit)
 35156 | Snake:2  | Reached XP level 19. HP: 107/133 MP: 30/30
 35899 | Snake:3  | Noticed Roxanne
 36177 | Snake:3  | Reached skill level 16 in Evocations
 36250 | Snake:3  | Noticed Vashnia
 36307 | Snake:3  | Killed Vashnia
 36972 | Snake:3  | Lost mutation: You are partially covered in yellow scales (AC +2). [mutagenic meat]
 36998 | Snake:3  | Lost mutation: You have supernaturally acute eyesight. [mutagenic meat]
 36999 | Snake:3  | Gained mutation: [Your magical capacity is low (-10% MP).] [mutagenic meat]
 37001 | Snake:3  | Lost mutation: You are dopey. (Int -2) [mutagenic meat]
 37198 | Snake:3  | Gained mutation: You are agile. (Dex +2) [mutagenic meat]
 37512 | Snake:3  | Killed Roxanne
 37515 | Snake:3  | Identified Roxanne's Guide on Stones (You took it off Roxanne on level 3 of the Snake Pit)
 37524 | Snake:3  | Learned a level 6 spell: Statue Form
 37585 | Snake:4  | Entered Level 4 of the Snake Pit
 37615 | Snake:4  | Reached skill level 1 in Transmutations
 37615 | Snake:4  | Reached skill level 1 in Earth Magic
 37627 | Snake:4  | Noticed Norris
 37638 | Snake:4  | Killed Norris
 38357 | Snake:4  | Reached XP level 20. HP: 120/141 MP: 28/28
 38532 | Snake:4  | Gained mutation: You are dopey. (Int -2) [mutagenic meat]
 38662 | Snake:4  | Reached skill level 5 in Earth Magic
 38675 | Snake:4  | Reached skill level 5 in Transmutations
 39182 | Snake:4  | Gained mutation: [Your body sometimes deteriorates upon taking damage.] [mutagenic meat]
 39183 | Snake:4  | Gained mutation: [Your body often deteriorates upon taking damage.] [mutagenic meat]
 39593 | Snake:4  | Gained mutation: Your muscles are strong. (Str +2) [mutagenic meat]
 40650 | Snake:4  | Got a serpentine rune of Zot
 40970 | Shoals:1 | Entered Level 1 of the Shoals
 41267 | Shoals:1 | Reached XP level 21. HP: 137/146 MP: 29/29
 41348 | Shoals:1 | Found Adoxoipu's Book Emporium.
 41822 | Shoals:2 | Found Zapsitsa's Armour Shop.
 42913 | Shoals:3 | Found an iron altar of Okawaru.
 43018 | Shoals:3 | Gained mutation: You are frail (-10% HP). [mutagenic glow]
 43852 | Shoals:4 | Entered Level 4 of the Shoals
 43970 | Shoals:4 | Learned a level 5 spell: Summon Forest
 44077 | Shoals:4 | Learned a level 3 spell: Ignite Poison
 44083 | Shoals:4 | Learned a level 5 spell: Alistair's Intoxication
 44158 | Shoals:4 | Reached skill level 10 in Transmutations
 44302 | Shoals:4 | Reached skill level 10 in Earth Magic
 44310 | Shoals:4 | Reached skill level 1 in Translocations
 44315 | Shoals:4 | Reached skill level 1 in Summonings
 44365 | Shoals:4 | Got a barnacled rune of Zot
 44555 | Shoals:4 | Noticed Ilsuiw
 44714 | Shoals:4 | Killed Ilsuiw
 45364 | Vaults:1 | Entered Level 1 of the Vaults
 45370 | Vaults:1 | Found Hopsom's Food Boutique.
 45397 | Vaults:1 | Bought a bread ration for 50 gold pieces
 45397 | Vaults:1 | Bought a bread ration for 50 gold pieces
 45397 | Vaults:1 | Bought a bread ration for 50 gold pieces
 45397 | Vaults:1 | Bought a bread ration for 50 gold pieces
 45484 | Vaults:1 | Learned a level 4 spell: Olgreb's Toxic Radiance
 45522 | Vaults:1 | Gained mutation: You evolve. [mutagenic meat]
 45540 | Vaults:1 | Noticed Nikola
 45553 | Vaults:1 | Killed Nikola
 45553 | Vaults:1 | Reached skill level 1 in Poison Magic
 45751 | Vaults:1 | Reached XP level 22. HP: 133/137 MP: 32/32
 45902 | Vaults:1 | Reached skill level 10 in Spellcasting
 45912 | Vaults:1 | Identified the Tome of Sinister Rituals (You found it on level 1 of the Vaults)
 46167 | Vaults:1 | Got a translucent spear
 46168 | Vaults:1 | Identified the cursed +3 spear of Kismet {drain, rF+} (You found it on level 1 of the Vaults)
 46205 | Vaults:1 | Got a dazzling trident
 46858 | Lair:1   | Identified the cursed +1 trident "Backscratcher" {pierce, Dex+3} (You found it on level 1 of the Vaults)
 47606 | Vaults:2 | Found Voumoi's Food Emporium.
 47635 | Vaults:2 | Bought a bread ration for 60 gold pieces
 47635 | Vaults:2 | Bought 2 fruits for 36 gold pieces
 47674 | Vaults:2 | Reached skill level 17 in Evocations
 47758 | Vaults:2 | Reached skill level 5 in Poison Magic
 48196 | Vaults:2 | Reached skill level 5 in Translocations
 48684 | Vaults:2 | Lost mutation: You are covered in fur (AC +1). [mutagenic meat]
 48909 | Vaults:3 | Found Fejit's Weapon Shoppe.
 48918 | Vaults:3 | Reached XP level 23. HP: 143/143 MP: 31/34
 48937 | Vaults:3 | Lost mutation: You are frail (-10% HP). [mutagenic meat]
 49079 | Vaults:3 | Found Siepnute's Gadget Shop.
 49118 | Vaults:3 | Reached skill level 15 in Stealth
 49142 | Vaults:3 | Gained mutation: Your system is resistant to poisons. [evolution]
 49326 | Vaults:3 | Noticed Asterion
 49332 | Vaults:3 | Killed Asterion
 49521 | Vaults:3 | Reached skill level 5 in Summonings
 49862 | Vaults:3 | Found a staircase to the Crypt.
 49862 | Vaults:3 | Found an ancient bone altar of Kikubaaqudgha.
 49863 | Vaults:3 | Found a basalt altar of Yredelemnul.
 49931 | Crypt:1  | Entered Level 1 of the Crypt
 50535 | Crypt:1  | Lost mutation: [You regenerate slowly when monsters are visible.] [helix card]
 50548 | Crypt:1  | Gained mutation: You have a pair of small antennae on your head. [helix card]
 50555 | Crypt:1  | Lost mutation: [Your body often deteriorates upon taking damage.] [helix card]
 51448 | Crypt:3  | Entered Level 3 of the Crypt
 51656 | Crypt:3  | Found a staircase to the Tomb.
 51736 | Crypt:3  | Reached skill level 18 in Evocations
 51923 | Crypt:3  | Found a basalt altar of Yredelemnul.
 52055 | Crypt:3  | Reached XP level 24. HP: 165/165 MP: 35/35
 52166 | Crypt:3  | Reached skill level 5 in Short Blades
 52175 | Crypt:3  | Noticed an ancient lich
 52185 | Crypt:3  | Killed an ancient lich
 52432 | Crypt:3  | Identified the Disquisition on Darkness (You found it on level 3 of the Crypt)
 52450 | Crypt:3  | Got a shimmering long sword
 52586 | Crypt:3  | Gained mutation: One of your tentacles bears a spike. [evolution]
 52895 | Vaults:4 | Found Zaiq's Antique Armour Boutique.
 52936 | Vaults:4 | Bought a shiny shield for 162 gold pieces
 53082 | Vaults:4 | Lost mutation: You are dopey. (Int -2) [mutagenic meat]
 53083 | Vaults:4 | Gained mutation: You rapidly evolve. [mutagenic meat]
 53089 | Vaults:4 | Lost mutation: One of your tentacles bears a spike. [mutagenic meat]
 53091 | Vaults:4 | Lost mutation: You are partially covered in rough black scales (AC +4, Dex -1). [mutagenic meat]
 53097 | Vaults:4 | Lost mutation: [Your magical capacity is low (-10% MP).] [mutagenic meat]
 53098 | Vaults:4 | Gained mutation: Your spells are a little harder to cast, but a little more powerful. [mutagenic meat]
 53129 | Vaults:4 | Lost mutation: You can translocate small distances at will. [mutagenic meat]
 53134 | Vaults:4 | Gained mutation: [Your magical capacity is low (-10% MP).] [mutagenic meat]
 53135 | Vaults:4 | Gained mutation: You occasionally shout uncontrollably at your foes. [mutagenic meat]
 53612 | Vaults:4 | Lost mutation: [Your magical capacity is low (-10% MP).] [mutagenic meat]
 53667 | Vaults:4 | Gained mutation: [Your magical capacity is low (-10% MP).] [mutagenic meat]
 53669 | Vaults:4 | Lost mutation: Your spells are a little harder to cast, but a little more powerful. [mutagenic meat]
 54299 | Vaults:5 | Entered Level 5 of the Vaults
 54311 | Vaults:5 | Reached XP level 25. HP: 172/172 MP: 27/36
 54319 | Vaults:5 | Reached skill level 19 in Evocations
 54333 | Vaults:5 | Noticed an ancient lich
 54480 | Vaults:5 | Lost mutation: Your muscles are strong. (Str +2) [mutagenic meat]
 54481 | Vaults:5 | Lost mutation: You are partially covered in large bone plates (AC +2, SH +2). [mutagenic meat]
 54482 | Vaults:5 | Lost mutation: You are agile. (Dex +2) [mutagenic meat]
 54484 | Vaults:5 | Gained mutation: Your flesh is heat resistant. [mutagenic meat]
 54485 | Vaults:5 | Lost mutation: You occasionally shout uncontrollably at your foes. [mutagenic meat]
 54582 | Vaults:5 | Got an encrusted hunting sling
 54587 | Vaults:5 | Identified the +6 hunting sling "Xiupt" {flame, Str+2 Dex+4} (You found it on level 5 of the Vaults)
 54676 | Vaults:5 | Killed an ancient lich
 54685 | Vaults:5 | Noticed an ancient lich
 54692 | Vaults:5 | Killed an ancient lich
 54780 | Vaults:5 | Gained mutation: You are resistant to hostile enchantments. [mutagenic meat]
 54786 | Vaults:5 | Identified the Disquisition on Transmutation and Unholy Rites
 54802 | Vaults:5 | Learned a level 4 spell: Summon Lightning Spire
 54809 | Vaults:5 | Learned a level 6 spell: Deflect Missiles
 54994 | Vaults:5 | Gained mutation: You are partially covered in slimy green scales (AC +2). [mutagenic meat]
 54995 | Vaults:5 | Gained mutation: You are partially covered in rough black scales (AC +4, Dex -1). [mutagenic meat]
 54997 | Vaults:5 | Gained mutation: Your spells are a little easier to cast, but a little less powerful. [mutagenic meat]
 54998 | Vaults:5 | Gained mutation: [Your magical capacity is very low (-20% MP).] [mutagenic meat]
 55107 | Vaults:5 | Reached XP level 26. HP: 180/180 MP: 32/32
 55148 | Vaults:5 | Reached skill level 5 in Air Magic
 55198 | Vaults:5 | Reached skill level 20 in Evocations
 55409 | Vaults:5 | Gained mutation: You are covered in fur (AC +1). [mutagenic meat]
 55660 | Vaults:5 | Reached skill level 15 in Fighting
 55707 | Vaults:5 | Found Wifobof's Gadget Shoppe.
 55735 | Vaults:5 | Bought a +5 rod of shadows (14/14) for 1932 gold pieces
 55787 | Vaults:5 | Found Imun's Gadget Shoppe.
 55872 | Vaults:5 | Got a silver rune of Zot
 56430 | Vaults:3 | Gained mutation: You are frail (-10% HP). [potion of mutation]
 56430 | Vaults:3 | Lost mutation: You are frail (-10% HP). [potion of mutation]
 56430 | Vaults:3 | Lost mutation: [Your body sometimes deteriorates upon taking damage.] [potion of mutation]
 56542 | Tomb:1   | Entered Level 1 of the Tomb of the Ancients
 56726 | Tomb:1   | Gained mutation: [Your magical capacity is extremely low (-30% MP).] [a neqoxec]
 57163 | Tomb:1   | Noticed a greater mummy
 57177 | Tomb:1   | Killed a greater mummy
 57201 | Tomb:1   | Noticed a greater mummy
 57358 | Tomb:1   | Lost mutation: You are partially covered in slimy green scales (AC +2). [evolution]
 57695 | Depths:1 | Entered Level 1 of the Depths
 57794 | Depths:1 | Reached skill level 10 in Short Blades
 57795 | Depths:1 | Noticed Frederick
 57795 | Depths:1 | Noticed Sojobo
 57835 | Depths:1 | Killed Sojobo
 57849 | Depths:1 | Gained mutation: You are partially covered in yellow scales (AC +2). [mutagenic meat]
 57850 | Depths:1 | Gained mutation: You are partially covered in rugged brown scales (AC +1, +3% HP). [mutagenic meat]
 57866 | Depths:1 | Lost mutation: You rapidly evolve. [mutagenic meat]
 57868 | Depths:1 | Gained mutation: Your flesh is cold resistant. [mutagenic meat]
 57871 | Depths:1 | Lost mutation: You evolve. [mutagenic meat]
 57883 | Depths:1 | Lost mutation: Your flesh is heat resistant. [mutagenic meat]
 57884 | Depths:1 | Lost mutation: You are partially covered in yellow scales (AC +2). [mutagenic meat]
 57885 | Depths:1 | Lost mutation: [Your magical capacity is extremely low (-30% MP).] [mutagenic meat]
 57954 | Depths:1 | Lost mutation: You have a pair of small antennae on your head. [mutagenic meat]
 57966 | Depths:1 | Killed Frederick
 57990 | Depths:1 | Gained mutation: You are somewhat resistant to further mutation. [mutagenic meat]
 58131 | Depths:1 | Found a one-way gate leading to the halls of Pandemonium.
 58404 | Depths:1 | Reached XP level 27. HP: 189/192 MP: 33/33
 58728 | Depths:1 | Found a gateway to Hell.
 58981 | Depths:2 | Reached skill level 15 in Spellcasting
 58991 | Depths:2 | Gained mutation: You are agile. (Dex +2) [mutagenic meat]
 58992 | Depths:2 | Lost mutation: You are somewhat resistant to further mutation. [mutagenic meat]
 58997 | Depths:2 | Lost mutation: [Your magical capacity is very low (-20% MP).] [mutagenic meat]
 58998 | Depths:2 | Gained mutation: One of your tentacles bears a spike. [mutagenic meat]
 58999 | Depths:2 | Gained mutation: You possess an exceptional clarity of mind. [mutagenic meat]
 59000 | Depths:2 | Gained mutation: You are dopey. (Int -2) [mutagenic meat]
 59001 | Depths:2 | Lost mutation: One of your tentacles bears a spike. [mutagenic meat]
 59002 | Depths:2 | Lost mutation: You are covered in fur (AC +1). [mutagenic meat]
 59007 | Depths:2 | Gained mutation: You have a pair of small antennae on your head. [mutagenic meat]
 59098 | Depths:2 | Gained mutation: Scrolls take you a little longer to read. [mutagenic meat]
 59099 | Depths:2 | Gained mutation: [Your magical capacity is very low (-20% MP).] [mutagenic meat]
 59180 | Depths:2 | Gained mutation: You occasionally shout uncontrollably at your foes. [mutagenic meat]
 59208 | Depths:2 | Found Osijais's Distillery.
 59211 | Depths:2 | Bought a potion of agility for 72 gold pieces
 59211 | Depths:2 | Bought a potion of invisibility for 144 gold pieces
 59211 | Depths:2 | Bought a potion of agility for 72 gold pieces
 59211 | Depths:2 | Bought a potion of heal wounds for 90 gold pieces
 59211 | Depths:2 | Bought a potion of mutation for 45 gold pieces
 59211 | Depths:2 | Bought a potion of curing for 54 gold pieces
 59211 | Depths:2 | Bought a potion of curing for 54 gold pieces
 59211 | Depths:2 | Bought a potion of resistance for 180 gold pieces
 59753 | Depths:2 | Lost mutation: Your system is resistant to poisons. [mutagenic meat]
 59944 | Depths:3 | Lost mutation: You are dopey. (Int -2) [mutagenic meat]
 60706 | Depths:2 | Found a runed door.
 60711 | Depths:2 | Found a runed door.
 60759 | Depths:2 | Found a runed door.
 60769 | Depths:2 | Found a runed door.
 60874 | Depths:2 | Learned a level 6 spell: Haste
 60890 | Depths:2 | Got a dazzling trident
 60893 | Depths:2 | Identified the +6 trident of Beogh's Condemnation {flame, +Rage rC+ Int+4} (You found it on level 2 of the Depths)
 60899 | Depths:2 | Got a jewelled morningstar
 60902 | Depths:2 | Identified the +5 morningstar "Imp's Demise" {flame, Dex+4} (You found it on level 2 of the Depths)
 60941 | Depths:4 | Found a one-way gate to the infinite horrors of the Abyss.
 60965 | Depths:4 | Reached skill level 21 in Evocations
 61648 | Depths:4 | Lost mutation: You occasionally shout uncontrollably at your foes. [mutagenic meat]
 61650 | Depths:4 | Gained mutation: You tend to lose your temper in combat. [mutagenic meat]
 61651 | Depths:4 | Lost mutation: You tend to lose your temper in combat. [mutagenic meat]
 61756 | Depths:4 | Lost mutation: You possess an exceptional clarity of mind. [mutagenic meat]
 61757 | Depths:4 | Lost mutation: [Your magical capacity is very low (-20% MP).] [mutagenic meat]
 61760 | Depths:4 | Lost mutation: You are partially covered in rough black scales (AC +4, Dex -1). [mutagenic meat]
 61761 | Depths:4 | Gained mutation: Your mind is acute. (Int +2) [mutagenic meat]
 62168 | Depths:5 | Entered Level 5 of the Depths
 62202 | Depths:5 | Reached skill level 10 in Air Magic
 62234 | Depths:5 | Gained mutation: You have a pair of antennae on your head. [mutagenic meat]
 62236 | Depths:5 | Lost mutation: Scrolls take you a little longer to read. [mutagenic meat]
 62237 | Depths:5 | Lost mutation: Your mind is acute. (Int +2) [mutagenic meat]
 62238 | Depths:5 | Gained mutation: You are very agile. (Dex +4) [mutagenic meat]
 62476 | Depths:5 | Reached skill level 10 in Maces & Flails
 62500 | Depths:5 | Noticed Margery
 62528 | Depths:5 | Killed Margery
 62701 | Depths:5 | Lost mutation: [Your magical capacity is low (-10% MP).] [mutagenic meat]
 62702 | Depths:5 | Lost mutation: Your spells are a little easier to cast, but a little less powerful. [mutagenic meat]
 62705 | Depths:5 | Lost mutation: You are very agile. (Dex +4) [mutagenic meat]
 62874 | Depths:5 | Found a gate to the Realm of Zot.
 62910 | Depths:5 | Found a gateway to a ziggurat.
 62940 | Depths:5 | Hired Eloadat the deep elf mage for 521 gold.
 63860 | Slime:1  | Entered Level 1 of the Pits of Slime
 64340 | Slime:6  | Entered Level 6 of the Pits of Slime
 64380 | Slime:6  | Reached skill level 22 in Evocations
 64392 | Slime:6  | Found a viscous altar of Jiyva.
 64410 | Slime:6  | Noticed the Royal Jelly
 64414 | Slime:6  | Killed the Royal Jelly
 64496 | Slime:4  | Gained mutation: You occasionally shout uncontrollably at your foes. [a shining eye]
 65474 | Slime:6  | Learned a level 7 spell: Malign Gateway
 65480 | Slime:6  | Got a sparkling glass ring
 65482 | Slime:6  | Identified the cursed ring of Due Proportion {-Tele rN+ AC-3 Int+7} (You found it on level 6 of the Pits of Slime)
 65493 | Slime:6  | Got a slimy rune of Zot
 65509 | Slime:6  | Lost mutation: You occasionally shout uncontrollably at your foes. [helix card]
 65577 | Slime:6  | Identified the Almanac of Creative Intoxication
 66443 | Tomb:2   | Noticed a greater mummy
 66443 | Tomb:2   | Noticed a greater mummy
 66443 | Tomb:2   | Noticed a greater mummy
 66443 | Tomb:2   | Noticed a greater mummy
 66571 | Tomb:1   | Killed a greater mummy
 66577 | Tomb:1   | Killed a greater mummy
 66581 | Tomb:1   | Killed a greater mummy
 66730 | Tomb:1   | Reached skill level 15 in Invocations
 66772 | Tomb:1   | Killed a greater mummy
 67260 | Tomb:1   | Noticed a greater mummy
 67260 | Tomb:1   | Noticed a greater mummy
 67263 | Tomb:1   | Noticed a greater mummy
 67268 | Tomb:1   | Noticed a greater mummy
 67283 | Tomb:2   | Killed a greater mummy
 67453 | Tomb:1   | Noticed a greater mummy
 67455 | Tomb:1   | Noticed a greater mummy
 67456 | Tomb:1   | Killed a greater mummy
 67464 | Tomb:2   | Killed a greater mummy
 67467 | Tomb:2   | Killed a greater mummy
 67595 | Tomb:1   | Killed a greater mummy
 67601 | Tomb:1   | Killed a greater mummy
 67607 | Tomb:1   | Noticed a greater mummy
 67619 | Tomb:1   | Noticed a greater mummy
 67620 | Tomb:1   | Killed a greater mummy
 67636 | Tomb:1   | Killed a greater mummy
 67795 | Tomb:1   | Noticed a greater mummy
 67821 | Tomb:1   | Killed a greater mummy
 67918 | Tomb:1   | Noticed a greater mummy
 67930 | Tomb:1   | Killed a greater mummy
 67949 | Tomb:1   | Noticed a greater mummy
 67965 | Tomb:1   | Killed a greater mummy
 67968 | Tomb:1   | Noticed a greater mummy
 67972 | Tomb:1   | Reached skill level 23 in Evocations
 67988 | Tomb:1   | Killed a greater mummy
 67991 | Tomb:1   | Noticed a greater mummy
 68008 | Tomb:1   | Killed a greater mummy
 68098 | Tomb:1   | Noticed a greater mummy
 68115 | Tomb:1   | Killed a greater mummy
 68421 | Tomb:3   | Entered Level 3 of the Tomb of the Ancients
 68478 | Tomb:3   | Noticed an ancient lich
 68479 | Tomb:3   | Noticed Mara
 68489 | Tomb:3   | Killed Mara
 68490 | Tomb:3   | Killed an ancient lich
 68668 | Tomb:3   | Noticed an ancient lich
 68872 | Tomb:3   | Killed an ancient lich
 68882 | Tomb:3   | Noticed a greater mummy
 68884 | Tomb:3   | Killed a greater mummy
 68886 | Tomb:3   | Noticed a greater mummy
 68889 | Tomb:3   | Killed a greater mummy
 68895 | Tomb:3   | Reached skill level 10 in Charms
 68898 | Tomb:3   | Noticed a greater mummy
 68902 | Tomb:3   | Killed a greater mummy
 68916 | Tomb:3   | Noticed a greater mummy
 69099 | Tomb:3   | Killed a greater mummy
 69117 | Tomb:3   | Noticed Khufu
 69129 | Tomb:3   | Killed Khufu
 69139 | Tomb:3   | Noticed a greater mummy
 69143 | Tomb:3   | Killed a greater mummy
 69145 | Tomb:3   | Noticed a greater mummy
 69147 | Tomb:3   | Killed a greater mummy
 69311 | Tomb:3   | Noticed Jory
 69374 | Tomb:3   | Identified the Collected Works on Orientation and Ice
 69576 | Tomb:3   | Killed Jory
 69599 | Tomb:3   | Identified the Grimoire of the Earth
 69628 | Tomb:3   | Got a translucent granite ring
 69629 | Tomb:3   | Lost strength.
 69629 | Tomb:3   | Identified the cursed ring of Zati {rC+ Str-5} (You found it on level 3 of the Tomb of the Ancients)
 69710 | Tomb:3   | Got a shimmering morningstar
 69711 | Tomb:3   | Identified the +5 morningstar of the Sybil {flame, rF+++ rN+++ Str-5 Dex-3} (You found it on level 3 of the Tomb of the Ancients)
 69797 | Tomb:3   | Got a golden rune of Zot
 70010 | Tomb:1   | Killed a greater mummy
 70311 | Tomb:1   | Noticed a greater mummy
 70320 | Tomb:1   | Killed a greater mummy
 70848 | Depths:4 | Voluntarily entered the Abyss.
 70978 | Abyss:1  | Reached skill level 1 in Slings
 71323 | Abyss:1  | Gained mutation: [Your magical capacity is low (-10% MP).] [mutagenic meat]
 71324 | Abyss:1  | Gained mutation: You have a pair of large antennae on your head (SInv). [mutagenic meat]
 71485 | Abyss:1  | Gained mutation: You occasionally shout uncontrollably at your foes. [mutagenic meat]
 71572 | Abyss:1  | Paralysed by accursed screaming for 1 turns
 71635 | Abyss:1  | Found a corrupted altar of Lugonu.
 71710 | Abyss:2  | Reached skill level 5 in Slings
 71718 | Abyss:2  | Paralysed by accursed screaming for 1 turns
 72242 | Abyss:3  | Reached skill level 24 in Evocations
 72461 | Abyss:3  | Gained mutation: [Your body sometimes deteriorates upon taking damage.] [mutagenic meat]
 72462 | Abyss:3  | Lost mutation: You are agile. (Dex +2) [mutagenic meat]
 72774 | Abyss:3  | Reached skill level 10 in Summonings
 72838 | Abyss:3  | Found a corrupted altar of Lugonu.
 72865 | Abyss:3  | Found a corrupted altar of Lugonu.
 72871 | Abyss:3  | Found a corrupted altar of Lugonu.
 73006 | Abyss:3  | Found a corrupted altar of Lugonu.
 73117 | Abyss:3  | Got an abyssal rune of Zot
 73131 | Abyss:3  | Got a clouded gossamer ring
 73235 | Abyss:3  | Found a sparkling altar of Nemelex Xobeh.
 73317 | Abyss:3  | Identified the ring "Vihakee" {rN+ Str+4 Dex+2} (You found it on level 3 of the Abyss)
 73363 | Abyss:3  | Reached skill level 10 in Slings
 73593 | Depths:4 | Escaped the Abyss
 73638 | Pan      | Entered Pandemonium
 73810 | Pan      | Gained mutation: [Your magical capacity is very low (-20% MP).] [a cacodemon]
 73811 | Pan      | Gained mutation: [Your body often deteriorates upon taking damage.] [a cacodemon]
 73894 | Pan      | Noticed Iva Kimo the pandemonium lord
 73924 | Pan      | Killed Iva Kimo the pandemonium lord
 74407 | Pan      | Noticed Tival the pandemonium lord
 74467 | Pan      | Killed Tival the pandemonium lord
 74467 | Pan      | Reached skill level 10 in Translocations
 74630 | Pan      | Noticed Pempul the pandemonium lord
 74771 | Pan      | Found an exit through the horrors of the Abyss.
 74788 | Pan      | Noticed Mennas
 74806 | Pan      | Killed Mennas
 74830 | Pan      | Took an exit into the Abyss.
 74830 | Abyss:1  | Escaped into the Abyss
 74835 | Abyss:1  | Gained mutation: You passively map a small area around you. [potion of mutation]
 74854 | Abyss:1  | Lost mutation: You occasionally shout uncontrollably at your foes. [mutagenic meat]
 74855 | Abyss:1  | Lost mutation: [Your magical capacity is very low (-20% MP).] [mutagenic meat]
 74954 | Abyss:1  | Gained mutation: Your muscles are strong. (Str +2) [mutagenic meat]
 75065 | Abyss:1  | Paralysed by accursed screaming for 2 turns
 75259 | Abyss:1  | Gained mutation: [You regenerate slowly when monsters are visible.] [mutagenic meat]
 75260 | Abyss:1  | Gained mutation: You are dopey. (Int -2) [mutagenic meat]
 75262 | Abyss:1  | Gained mutation: You are frail (-10% HP). [mutagenic meat]
 75265 | Abyss:1  | Lost mutation: You are resistant to hostile enchantments. [mutagenic meat]
 75459 | Depths:3 | Escaped the Abyss
 75479 | Depths:3 | Noticed a juggernaut
 75491 | Depths:3 | Killed a juggernaut
 75534 | Depths:3 | Lost mutation: You are dopey. (Int -2) [potion of cure mutation]
 75534 | Depths:3 | Lost mutation: Your flesh is cold resistant. [potion of cure mutation]
 75534 | Depths:3 | Lost mutation: [You regenerate slowly when monsters are visible.] [potion of cure mutation]
 75534 | Depths:3 | Lost mutation: You are frail (-10% HP). [potion of cure mutation]
 75534 | Depths:3 | Lost mutation: You passively map a small area around you. [potion of cure mutation]
 75829 | Vaults:5 | Lost mutation: You are partially covered in rugged brown scales (AC +1, +3% HP). [potion of cure mutation]
 75829 | Vaults:5 | Lost mutation: You have a pair of large antennae on your head (SInv). [potion of cure mutation]
 75829 | Vaults:5 | Lost mutation: [Your magical capacity is low (-10% MP).] [potion of cure mutation]
 75829 | Vaults:5 | Lost mutation: [Your body often deteriorates upon taking damage.] [potion of cure mutation]
 75829 | Vaults:5 | Lost mutation: Your muscles are strong. (Str +2) [potion of cure mutation]
 76500 | Vaults:1 | Bought a meat ration for 50 gold pieces
 76500 | Vaults:1 | Bought a meat ration for 50 gold pieces
 77602 | Elf:1    | Learned a level 4 spell: Control Undead
 78810 | Depths:3 | Gained mutation: You are partially covered in iridescent scales (AC +4). [mutagenic meat]
 78811 | Depths:3 | Gained mutation: You can translocate small distances at will. [mutagenic meat]
 78812 | Depths:3 | Lost mutation: You can translocate small distances at will. [mutagenic meat]
 78813 | Depths:3 | Gained mutation: You have an increased reservoir of magic (+10% MP). [mutagenic meat]
 78814 | Depths:3 | Lost mutation: [Your body sometimes deteriorates upon taking damage.] [mutagenic meat]
 78819 | Depths:3 | Gained mutation: Your flesh is cold resistant. [mutagenic meat]
 78823 | Depths:3 | Gained mutation: You are dopey. (Int -2) [mutagenic meat]
 78824 | Depths:3 | Gained mutation: You are robust (+10% HP). [mutagenic meat]
 78825 | Depths:3 | Gained mutation: You are mostly covered in iridescent scales (AC +6). [mutagenic meat]
 79514 | Hell     | Entered the Vestibule of Hell
 79517 | Hell     | Noticed Geryon
 79700 | Hell     | Killed Geryon
 79778 | Hell     | Found a gateway to the Iron City of Dis.
 79879 | Dis:1    | Entered Level 1 of the Iron City of Dis
 81476 | Dis:7    | Entered Level 7 of the Iron City of Dis
 81598 | Dis:7    | Noticed the Serpent of Hell
 81611 | Dis:7    | Killed the Serpent of Hell
 81726 | Dis:7    | Noticed Dispater
 81961 | Dis:7    | Killed Dispater
 81963 | Dis:7    | Got an ancient platinum ring
 82006 | Dis:7    | Got a vibrating amber ring
 82008 | Dis:7    | Got an iron rune of Zot
 82310 | Dis:7    | Identified the ring of Hard Scrabble {+Inv rElec rC+ Dex+2} (You took it off Dispater on level 7 of the Iron City of Dis)
 82377 | Dis:7    | Learned a level 5 spell: Yara's Violent Unravelling
 82482 | Hell     | Identified the ring "Ygoptew" {rPois rF- rC+ MR+ Int+4} (You found it on level 7 of the Iron City of Dis)
 82557 | Hell     | Found a gateway to the decaying netherworld of Tartarus.
 82825 | Vaults:1 | Bought a meat ration for 50 gold pieces
 82825 | Vaults:1 | Bought a meat ration for 50 gold pieces
 82825 | Vaults:1 | Bought a meat ration for 50 gold pieces
 82854 | Vaults:2 | Bought a royal jelly for 24 gold pieces
 82854 | Vaults:2 | Bought a meat ration for 60 gold pieces
 82854 | Vaults:2 | Bought a meat ration for 60 gold pieces
 82854 | Vaults:2 | Bought a meat ration for 60 gold pieces
 83043 | Orc:2    | Bought a bread ration for 70 gold pieces
 83043 | Orc:2    | Bought a bread ration for 70 gold pieces
 83043 | Orc:2    | Bought a meat ration for 70 gold pieces
 83043 | Orc:2    | Bought a meat ration for 70 gold pieces
 83043 | Orc:2    | Bought a bread ration for 70 gold pieces
 83043 | Orc:2    | Bought a bread ration for 70 gold pieces
 83043 | Orc:2    | Bought a meat ration for 70 gold pieces
 83043 | Orc:2    | Bought a bread ration for 70 gold pieces
 83043 | Orc:2    | Bought a slice of pizza for 21 gold pieces
 83044 | Orc:2    | Bought a meat ration for 55 gold pieces
 83044 | Orc:2    | Bought a royal jelly for 22 gold pieces
 83044 | Orc:2    | Bought a bread ration for 55 gold pieces
 83044 | Orc:2    | Bought a bread ration for 55 gold pieces
 83044 | Orc:2    | Bought a meat ration for 55 gold pieces
 83044 | Orc:2    | Bought a meat ration for 55 gold pieces
 83044 | Orc:2    | Bought a meat ration for 55 gold pieces
 83044 | Orc:2    | Bought a meat ration for 55 gold pieces
 83044 | Orc:2    | Bought a bread ration for 55 gold pieces
 83048 | Orc:2    | Bought a scroll of amnesia for 45 gold pieces
 83048 | Orc:2    | Bought a scroll of identify for 26 gold pieces
 83048 | Orc:2    | Bought a scroll of enchant weapon for 97 gold pieces
 83048 | Orc:2    | Bought 22 sling bullets for 143 gold pieces
 83330 | Tar:1    | Entered Level 1 of Tartarus
 83653 | Tar:3    | You fall through a shaft!
 83673 | Tar:4    | Gained mutation: You are clumsy. (Dex -2) [a neqoxec]
 84106 | Tar:7    | Entered Level 7 of Tartarus
 84386 | Tar:7    | Noticed an ancient lich
 84394 | Tar:7    | Killed an ancient lich
 84394 | Tar:7    | Reached skill level 15 in Summonings
 84415 | Tar:7    | Identified the Incunabulum of Bewitchment and the Escort
 84473 | Tar:7    | Reached skill level 15 in Slings
 84666 | Tar:7    | Gained mutation: You expend magic power (3 MP) to strengthen your wands. [a neqoxec]
 84858 | Tar:7    | Got a brightly glowing turquoise ring
 84860 | Tar:7    | Got a translucent lapis lazuli ring
 85121 | Tar:7    | Noticed Ereshkigal
 85227 | Tar:7    | Gained mutation: You occasionally shout uncontrollably at your foes. [mutagenic glow]
 85253 | Tar:7    | Gained mutation: You are very dopey. (Int -4) [mutagenic glow]
 86192 | Tar:7    | Killed Ereshkigal
 86245 | Tar:7    | Got a bone rune of Zot
 86444 | Tar:7    | Identified a +4 rod of ignition (11/11) (You found it on level 7 of Tartarus)
 86447 | Tar:7    | Identified the Disquisition on Unstable Enchantment (You found it on level 7 of Tartarus)
 86583 | Hell     | Identified the ring "Cun Quet" {Fire Int+2 Dex+6} (You found it on level 7 of Tartarus)
 86585 | Hell     | Identified the ring "Feibofuz" {Ice MR+ Int+4} (You found it on level 7 of Tartarus)
 86639 | Hell     | Found a gateway to the freezing wastes of Cocytus.
 86693 | Coc:1    | Entered Level 1 of Cocytus
 86734 | Coc:1    | Reached skill level 1 in Necromancy
 86768 | Coc:1    | Reached skill level 15 in Maces & Flails
 87049 | Coc:7    | Entered Level 7 of Cocytus
 87429 | Coc:7    | Reached skill level 5 in Necromancy
 87620 | Coc:7    | Got a wavering steel ring
 87861 | Coc:7    | Noticed Antaeus
 87911 | Coc:7    | Killed Antaeus
 87973 | Coc:7    | Identified a +5 rod of clouds (5/9) (You took it off a skeletal warrior on level 7 of Cocytus)
 87985 | Coc:7    | Identified the Volume of Aid and Sinister Arts
 88003 | Coc:7    | Got an icy rune of Zot
 88449 | Hell     | Identified the ring "Gegal" {rF+ MR+ Dex+4} (You took it off a wight on level 7 of Cocytus)
 88493 | Hell     | Found a gateway to the ashen valley of Gehenna.
 88602 | Geh:1    | Entered Level 1 of Gehenna
 89397 | Geh:7    | Entered Level 7 of Gehenna
 89823 | Geh:7    | Identified Dupadgho's Almanac of Dark Attacks
 89985 | Geh:7    | Reached skill level 25 in Evocations
 90119 | Geh:7    | Identified a -1 rod of clouds (4/10) (You took it off a balrug on level 7 of Gehenna)
 90154 | Geh:7    | Noticed Asmodeus
 90173 | Geh:7    | Killed Asmodeus
 90180 | Geh:7    | Got an obsidian rune of Zot
 90306 | Pan      | Entered Pandemonium
 90456 | Pan      | Noticed Ufomig the pandemonium lord
 90467 | Pan      | Paralysed by a giant eyeball for 4 turns
 90480 | Pan      | Gained mutation: You sometimes yell uncontrollably at your foes. [a shining eye]
 90481 | Pan      | Killed Ufomig the pandemonium lord
 90594 | Pan      | Found an exit through the horrors of the Abyss.
 90734 | Pan      | Noticed Wuch the pandemonium lord
 90751 | Pan      | Killed Wuch the pandemonium lord
 90761 | Pan      | Reached skill level 15 in Earth Magic
 90812 | Pan      | Noticed Fykhul the pandemonium lord
 90827 | Pan      | Killed Fykhul the pandemonium lord
 90861 | Pan      | Lost mutation: You are robust (+10% HP). [a cacodemon]
 90923 | Pan      | Found an exit through the horrors of the Abyss.
 91355 | Pan      | Gained mutation: You are frail (-10% HP). [a cacodemon]
 91489 | Pan      | Gained mutation: You are very frail (-20% HP). [a neqoxec]
 91506 | Pan      | Gained mutation: You are very clumsy. (Dex -4) [a neqoxec]
 91596 | Pan      | Noticed Zapepomi the pandemonium lord
 91608 | Pan      | Killed Zapepomi the pandemonium lord
 91668 | Pan      | Noticed Feloez Mefi the pandemonium lord
 91675 | Pan      | Killed Feloez Mefi the pandemonium lord
 91875 | Pan      | i just striked 4 1% fails for regeneration spell in a row
 91876 | Pan      | 5th
 91881 | Pan      | Found an exit through the horrors of the Abyss.
 91900 | Pan      | my bad, it was bad mutation that worked on me
 91910 | Pan      | Demolished by an infernal chaos champion

Skill      XL: |  1  2  3  4  5  6  7  8  9 10 11 12 13 14 15 16 17 18 19 20 21 22 23 24 25 26 27 |
---------------+----------------------------------------------------------------------------------+-----
Stealth        | 2 5 6 8 9 10 11 12 13 14 16 17 18 24 | 24.8
Invocations    | 2 4 7 8 9 10 11 18 | 18.8
Shields        | 1 3 4 5 7 9 10 11 | 11.7
Fighting       | 2 4 5 7 9 10 11 12 13 14 15 19 | 19.1
Dodging        | 5 8 10 12 14 15 16 17 21 | 21.4
Evocations     | 4 6 8 10 11 12 13 14 15 16 17 18 19 20 25 | 25.4
Polearms       | 3 6 9 10 | 10.0
Maces & Flails | 4 5 6 18 | 18.9
Air Magic      | 3 4 7 10 | 10.6
Charms         | 3 6 11 | 11.9
Spellcasting   | 1 5 7 9 10 12 13 14 18 | 18.2
Transmutations | 4 8 10 | 10.0
Earth Magic    | 4 8 10 12 13 14 16 | 16.7
Translocations | 3 5 13 | 13.6
Summonings     | 2 4 6 7 8 19 | 19.9
Poison Magic   | 1 5 |  5.8
Short Blades   | 3 4 6 8 10 14 | 14.4
Slings         | 17 | 17.5
Necromancy     | 8 |  8.8

Action                   |  1- 3 |  4- 6 |  7- 9 | 10-12 | 13-15 | 16-18 | 19-21 | 22-24 | 25-27 || total
-------------------------+-------+-------+-------+-------+-------+-------+-------+-------+-------++-------
Melee: Short sword       |    31 |   115 |     7 |     2 |       |       |       |       |       ||   155
       Tentacles         |     5 |    32 |    69 |   177 |   519 |   381 |   499 |   400 |  2933 ||  5015
       Constrict         |     7 |    44 |    53 |    77 |   174 |   162 |   125 |   178 |  1065 ||  1885
       Mace              |       |    35 |   243 |   115 |       |       |       |       |       ||   393
       Trident           |       |       |       |   536 |  1703 |  1248 |  2253 |    52 |       ||  5792
       Kick              |       |       |       |   148 |   835 |   431 |       |    45 |       ||  1459
       Rapier            |       |       |       |       |       |       |       |   971 |  3944 ||  4915
       Spear             |       |       |       |       |       |       |       |   108 |       ||   108
       Eveningstar       |       |       |       |       |       |       |       |       |  3286 ||  3286
       Demon whip        |       |       |       |       |       |       |       |       |   511 ||   511
       Staff             |       |       |       |       |       |       |       |       |     1 ||     1
 Cast: Regeneration      |       |       |       |       |       |     8 |    77 |    56 |   445 ||   586
       Repel Missiles    |       |       |       |       |       |     2 |     1 |     1 |     1 ||     5
       Song of Slaying   |       |       |       |       |       |     2 |     3 |    29 |     6 ||    40
       Spectral Weapon   |       |       |       |       |       |     4 |    39 |    35 |     7 ||    85
       Mephitic Cloud    |       |       |       |       |       |       |    10 |     1 |     6 ||    17
       Statue Form       |       |       |       |       |       |       |    11 |    42 |   276 ||   329
       Alistair's Intoxi |       |       |       |       |       |       |     1 |     1 |       ||     2
       Ignite Poison     |       |       |       |       |       |       |       |     3 |     6 ||     9
       Olgreb's Toxic Ra |       |       |       |       |       |       |       |     2 |     1 ||     3
       Summon Forest     |       |       |       |       |       |       |       |     1 |    15 ||    16
       Shroud of Golubri |       |       |       |       |       |       |       |     1 |    14 ||    15
       Summon Lightning  |       |       |       |       |       |       |       |       |    21 ||    21
       Haste             |       |       |       |       |       |       |       |       |    33 ||    33
       Malign Gateway    |       |       |       |       |       |       |       |       |    12 ||    12
       Deflect Missiles  |       |       |       |       |       |       |       |       |     3 ||     3
Invok: Evolution         |       |     2 |     4 |     7 |    13 |    17 |     7 |     7 |    10 ||    67
       Sunlight          |       |       |       |     2 |       |     2 |     9 |     1 |    17 ||    31
       Reproduction      |       |       |       |       |     2 |     7 |    10 |       |     2 ||    21
       Rain              |       |       |       |       |       |     8 |     2 |    16 |     9 ||    35
       Growth            |       |       |       |       |       |     1 |       |       |     4 ||     5
 Abil: Blink             |       |       |       |       |       |     1 |       |       |       ||     1
Evoke: Wand              |     4 |     3 |    10 |    17 |    18 |    12 |     2 |     2 |    30 ||    98
       Rod               |       |       |       |       |     3 |    17 |     4 |     6 |    27 ||    57
       Phial of floods   |       |       |       |       |     1 |     6 |     4 |     1 |    10 ||    22
       Deck              |       |       |       |       |       |     2 |       |    17 |    17 ||    36
       Sack of spiders   |       |       |       |       |       |     1 |       |       |     2 ||     3
       Fan of gales      |       |       |       |       |       |       |     1 |     1 |     2 ||     4
       Disc of storms    |       |       |       |       |       |       |       |       |    70 ||    70
       Box of beasts     |       |       |       |       |       |       |       |       |     8 ||     8
       Lamp of fire      |       |       |       |       |       |       |       |       |     2 ||     2
       Horn of Geryon    |       |       |       |       |       |       |       |       |     2 ||     2
  Use: Scroll            |       |     3 |       |    22 |    13 |    14 |     7 |     6 |    56 ||   121
       Potion            |       |     2 |     4 |     4 |     1 |     6 |     4 |       |    22 ||    43
 Stab: Sleeping          |     4 |    11 |    14 |    30 |    79 |    39 |    29 |    77 |   115 ||   398
       Distracted        |       |     1 |       |     4 |    14 |    24 |    28 |    13 |    61 ||   145
       Confused          |       |       |     5 |     7 |    20 |       |    20 |       |     1 ||    53
       Held in net/web   |       |       |       |       |       |       |       |       |     2 ||     2
       Paralysed         |       |       |       |       |       |       |       |       |     1 ||     1
  Eat: Meat ration       |       |     1 |     2 |     4 |     5 |     3 |     2 |     2 |    15 ||    34
       Bread ration      |       |     1 |       |       |       |     5 |     1 |     6 |    31 ||    44
       Chunk             |       |       |     6 |    15 |     9 |    20 |    51 |    48 |   157 ||   306
       Royal jelly       |       |       |     1 |     1 |     1 |       |     1 |     1 |     3 ||     8
       Beef jerky        |       |       |     1 |     1 |       |     1 |     1 |     2 |     1 ||     7
       Pizza             |       |       |       |       |       |       |     6 |     1 |     1 ||     8
Armor: Skin              |       |    23 |   127 |   111 |   170 |    64 |   237 |   388 |  2144 ||  3264
Dodge: Dodged            |    20 |    94 |   168 |   407 |  1371 |   509 |  1545 |  1868 | 12162 || 18144
       Deflected         |       |       |       |       |       |     7 |    21 |     2 |    33 ||    63
Block: Buckler           |       |       |       |   231 |   936 |   490 |  1954 |  1502 |  9462 || 14575
       Shield            |       |       |       |     1 |       |       |       |     8 |   164 ||   173
       Reflection        |       |       |       |       |       |    25 |   275 |    61 |   152 ||   513
